 Dungeon Crawl Stone Soup version 0.17-a0-877-ga10078a (webtiles) character file.

55 jdilger the Grasshopper (level 4, -1/33 HPs)
             Began as a Human Warper on Apr 30, 2015.
             Was an Initiate of Gozag.
             Slain by an orc
             ... wielding a +0 dagger
              (3 damage)
             ... on level 2 of the Dungeon.
             The game lasted 00:07:14 (1970 turns).

jdilger the Grasshopper (Human Warper)              Turns: 1970, Time: 00:07:16

Health: -1/33      AC:  5    Str: 11    XL:     4   Next: 14%
Magic:  7/7        EV: 13    Int: 13    God:    Gozag
Gold:   193        SH:  0    Dex: 14    Spells: 1 memorised, 6 levels left

rFire  . . .     SeeInvis .     a - +0 spear
rCold  . . .     Clarity  .     q - +0 robe (curse)
rNeg   . . .     SustAb   .     (no shield)
rPois  .         Gourm    .     (no helmet)
rElec  .         Spirit   .     (no cloak)
rCorr  .         Warding  .     (no gloves)
rMut   .         Stasis   .     (no boots)
MR     .....                    (no amulet)
Stlth  ++........               (no ring)
                                m - +3 ring of protection

@: not resistant to hostile enchantments, unstealthy
A: no striking features
a: Potion Petition, Call Merchant, Bribe Branch, Renounce Religion


You were on level 2 of the Dungeon.
You worshipped Gozag.
Gozag was noncommittal.
You were not hungry.

You visited 1 branch of the dungeon, and saw 3 of its levels.

You collected 214 gold pieces.
You paid 21 gold pieces to Gozag.

Inventory:

Hand weapons
 a - a +0 spear (weapon)
Missiles
 e - 5 tomahawks of dispersal (quivered)
 f - 61 sling bullets
 h - 8 poisoned needles
 i - 54 stones
Armour
 b - a +0 leather armour
 o - a +0 pair of gloves
 q - a cursed +0 robe (worn)
 u - a +0 pair of boots
Jewellery
 m - a +3 ring of protection (left hand)
Scrolls
 d - a scroll of blinking
 k - a scroll of remove curse {unknown}
 l - a scroll of amnesia {unknown}
 n - a scroll of fear {unknown}
 p - a scroll of noise {unknown}
 r - a scroll of enchant weapon {unknown}
 t - a scroll of identify {unknown}
 y - a scroll of immolation {unknown}
Potions
 j - a potion of mutation {unknown}
 s - a potion of ambrosia {unknown}
 x - a potion of brilliance {unknown}
Books
 c - a book of Spatial Translocations

   Spells                             Type                      Level
   a - Apportation                    Translocation                1
   b - Blink                          Translocation                2
   c - Shroud of Golubria             Charms/Translocation         2
   d - Portal Projectile              Translocation                3
   e - Teleport Other                 Translocation                3
   f - Passage of Golubria            Translocation                4
Comestibles
 g - 2 fruits
 v - a meat ration
 w - a slice of pizza


   Skills:
 + Level 2.2 Fighting
 + Level 2.7 Polearms
 + Level 1.0 Throwing
 + Level 1.3 Armour
 + Level 2.5 Dodging
 + Level 1.0 Stealth
 + Level 2.1 Spellcasting
 + Level 3.3 Translocations


You had 6 spell levels left.
You knew the following spells:

 Your Spells              Type           Power        Failure   Level  Hunger
a - Apportation           Tloc           #.........   10%         1    ##.....


Dungeon Overview and Level Annotations

Branches:
Dungeon (3/15)

Altars:
Gozag
Okawaru
Trog


Message History

You hit the orc priest.
The orc priest is lightly wounded.
The orc closely misses you.
You hit the orc priest.
The orc priest is heavily wounded.
The orc priest barely misses you. The orc hits you with a dagger.
You hit the orc priest but do no damage.
The orc priest is heavily wounded.
The orc priest completely misses you. The orc closely misses you.
You closely miss the orc priest.
The orc priest is moderately wounded.
The orc priest barely misses you. The orc hits you with a dagger.
You hit the orc priest.
The orc priest is heavily wounded.
The orc priest invokes the aid of Beogh against you.
Something smites you!
* * * LOW HITPOINT WARNING * * *
The orc hits you with a dagger.
You die...
Your body crumbles into a pile of gold.

######## ##.###..#.## .......###
##...#...# ######...#######
##.###.##
#.#.......#########......#
#...#####.#..........#######
#<.## ##....##.###..)##.....
######..# #..#.....# #......####
........# #...o.##.###...####
######.## ##.#.#@##.......####
#.# #.###o.............# #.#
##.#.#.####.....##.# # #.#
#...#.# #)###.##.#
######.#####...#.# #.# #.##.####
...............#.# ##.###.##....#
###.#########..).###...##.#####.#
# #.# #........(....# #.# #.#
###.#...##...#### #.#


You could see an orc priest and an orc.

Vanquished Creatures
  An adder (D:2)
  A worm (D:3)
  4 giant geckos
  2 giant cockroaches (D:1)
  8 hobgoblins
  A ball python (D:1)
  5 bats
  2 giant newts (D:2)
  6 goblins
  5 kobolds
  7 rats
42 creatures vanquished.

Notes
Turn   | Place    | Note
--------------------------------------------------------------
     0 | D:1      | jdilger, the Human Warper, began the quest for the Orb.
     0 | D:1      | Reached XP level 1. HP: 16/16 MP: 3/3
   129 | D:1      | Reached XP level 2. HP: 22/22 MP: 5/5
   791 | D:1      | Reached XP level 3. HP: 23/27 MP: 6/6
   943 | D:2      | Found an iron altar of Okawaru.
   961 | D:2      | Found an opulent altar of Gozag.
   982 | D:2      | Became a worshipper of Gozag Ym Sagoz the Greedy
  1654 | D:2      | Reached skill level 1 in Stealth
  1853 | D:3      | Found a bloodstained altar of Trog.
  1863 | D:3      | Reached XP level 4. HP: 25/33 MP: 7/7
  1970 | D:2      | Slain by an orc

Action                   |  1- 3 |  4- 6 || total
-------------------------+-------+-------++-------
Melee: Spear             |   167 |    29 ||   196
Invok: Potion Petition   |     1 |       ||     1
 Stab: Sleeping          |     2 |       ||     2
       Distracted        |     1 |       ||     1
  Eat: Bread ration      |     1 |       ||     1
